 Dungeon Crawl Stone Soup version 0.25-a0-302-g9f758675c1 (webtiles) character file.

Game seed: 12019806031321939782, levelgen mode: classic

201 Borgoz the Slasher (level 5, -3/30 HPs)
             Began as a Gargoyle Gladiator on Dec 20, 2019.
             Slain by an orc
             ... wielding a +0 short sword
              (4 damage)
             ... on level 3 of the Dungeon.
             The game lasted 00:03:57 (2116 turns).

Borgoz the Slasher (Gargoyle Gladiator)             Turns: 2116, Time: 00:03:58

Health: -3/30      AC:  9    Str: 18    XL:     5   Next: 79%
Magic:  5/5        EV: 13    Int: 13    God:
Gold:   107        SH:  0    Dex: 12    Spells: 4/4 levels left

rFire    . . .     SeeInvis .   a - +0 long sword
rCold    . . .     Gourm    .   (no shield)
rNeg     + . .     Faith    .   b - +0 leather armour
rPois    ∞         Spirit   .   c - +0 helmet
rElec    +         Reflect  .   (no cloak)
rCorr    .         Harm     .   k - +0 pair of gloves
MR       .....                  (no boots)
Stlth    +.........             (no amulet)
HPRegen  0.10/turn              (no ring)
MPRegen  0.09/turn              (no ring)

@: brilliant, flying, hasted, very quick
A: negative energy resistance 1, electricity resistance, unbreathing,
petrification resistance, rot immunity, AC +4
a: no special abilities


You were on level 3 of the Dungeon.
You were not hungry.

You visited 1 branch of the dungeon, and saw 3 of its levels.

You collected 107 gold pieces.

Inventory:

Hand Weapons
 a - a +0 long sword (weapon)
Missiles
 d - 3 throwing nets (quivered)
Armour
 b - a +0 leather armour (worn)
 c - a +0 helmet (worn)
 k - a +0 pair of gloves (worn)
Jewellery
 g - a cursed ring of attention {unknown}
Scrolls
 h - a scroll of enchant armour {unknown}
 i - a scroll of random uselessness {unknown}
 j - 5 scrolls of identify {unknown}
 m - a scroll of teleportation {unknown}
Potions
 o - a potion of brilliance
Comestibles
 f - 3 rations
 n - 2 chunks of flesh


   Skills:
 - Level 2.1 Fighting
 + Level 3.9 Long Blades
 - Level 1.7 Throwing
 + Level 3.2 Armour
 + Level 3.5 Dodging


You had 4 spell levels left.
You didn't know any spells.
Your spell library was empty.

Dungeon Overview and Level Annotations

Branches:
Dungeon (3/15)

Altars:
Dithmenos
Qazlal
Trog
Wu Jian


Innate Abilities, Weirdness & Mutations

You are resistant to torment.
Your stone body is resilient. (AC +4)
You are immune to poison.
You resist negative energy. (rN+)
You are resistant to electric shocks. (rElec)
You can survive without breathing.
You are immune to petrification.
You are immune to rotting.


Message History

You closely miss the orc.
The orc priest mumbles some strange prayers to Beogh against you.
Beogh smites you!
* * * LOW HITPOINT WARNING * * *
The orc closely misses you.
You riposte.
You barely miss the orc.
The orc hits you with a +0 trident of protection.
* * * LOW HITPOINT WARNING * * *
It was a potion of brilliance.
You feel clever all of a sudden. The orc completely misses you.
The orc barely misses you.
It was a potion of flight.
You feel very buoyant.
You fly up into the air.
The orc closely misses you. The orc hits you but does no damage.
It was a potion of haste.
You feel yourself speed up. The orc completely misses you.
You hit the orc.
The orc is lightly wounded.
The orc closely misses you. The orc hits you with a +0 short sword.
You die...

#.# #.# .# ##.# .#
..# .# #.# (#
#.###.###.###
#..ooo......#
#@....# ####..#
######### #..#
#...#...# #..#
###.##)##.####..# #
#_.##.##.##.....#.#
####.##.##.##...#.#
#..###..##).....#
#### ####.#...###


You could see an orc priest and 2 orcs.

Vanquished Creatures
  An ogre (D:3)
  Robin (D:2)
  2 adders (D:2)
  2 oozes (D:1)
  A worm (D:2)
  A dart slug (D:2)
  2 orcs (D:3)
  2 ball pythons (D:1)
  16 goblins
  12 hobgoblins
  A jackal (D:1)
  7 kobolds
  A quokka (D:2)
  9 bats
  3 frilled lizards (D:2)
  4 rats
65 creatures vanquished.

Notes
Turn   | Place    | Note
-------+----------+-------------------------------------------
     0 | D:1      | Borgoz the Gargoyle Gladiator began the quest for the Orb.
     0 | D:1      | Reached XP level 1. HP: 12/12 MP: 1/1
   319 | D:1      | Reached XP level 2. HP: 15/17 MP: 2/2
   347 | D:1      | Reached skill level 1 in Armour
   566 | D:1      | Reached XP level 3. HP: 21/21 MP: 3/3
  1301 | D:2      | Found a shadowy altar of Dithmenos.
  1324 | D:2      | Found a bloodstained altar of Trog.
  1333 | D:2      | Reached XP level 4. HP: 26/26 MP: 4/4
  1432 | D:2      | Found a stormy altar of Qazlal.
  1616 | D:2      | Noticed Robin
  1650 | D:2      | Killed Robin
  2034 | D:3      | Noticed an ogre
  2042 | D:3      | Killed an ogre
  2042 | D:3      | Reached XP level 5. HP: 30/30 MP: 5/5
  2070 | D:3      | Found an ornate altar of the Wu Jian Council.
  2112 | D:3      | HP: 1/30 [orc/+0 trident of protection (6)]
  2116 | D:3      | Slain by an orc

Levels and vault maps discovered:
D:1:      dpeg_arrival_more_subterranean_lakeside_camping, layout_basic,
          st_stairs_3
D:2:      layout_rooms, grunt_qazlal_sundering, bloody_trog,
          lemuel_coloured_pillars_altar, uniq_robin
D:3:      layout_loops_ring, marbit_many_paths, chequers_ecumenical_altar_lobes,
          mrwooster_statue_mirror

Skill      XL: |  1  2  3  4 |
---------------+-------------+-----
Armour         | 1 2 3 |  3.2
Long Blades    | 3 |  3.9
Dodging        | 3 |  3.5
Fighting       | |  2.1
Throwing       | |  1.7

Action                   |  1- 3 |  4- 6 || total
-------------------------+-------+-------++-------
Melee: Long sword        |   124 |   105 ||   229
  Use: Potion            |       |     3 ||     3
  Eat: Chunk             |     2 |     2 ||     4
Armor: Leather armour    |    68 |    41 ||   109
Dodge: Dodged            |    91 |    88 ||   179
       Rpst.: Long sword |    33 |    17 ||    50

Table legend:
 A = Non-vault XP
 B = Vault XP
 C = Vault XP percentage of total XP
 D = Non-vault monster count
 E = Vault monster count
 F = Vault count percentage of total count
                 A         B        C        D         E       F
            +---------+---------+-------+---------+---------+-------
      Total |     246 |      42 |  14.6 |      50 |      15 |  23.1
            +---------+---------+-------+---------+---------+-------
        D:1 |      62 |       4 |   6.1 |      29 |       2 |   6.5
        D:2 |      57 |      36 |  38.7 |      18 |      12 |  40.0
        D:3 |     127 |       2 |   1.6 |       3 |       1 |  25.0
            +---------+---------+-------+---------+---------+-------
